 Dungeon Crawl Stone Soup version 0.30-b1-2-g02819fbbbe (webtiles) character file.

Game seed: 1381992119436957069

49 sanka the Insei (level 4, -8/32 (38) HPs)
             Began as a Meteoran Monk on May 13, 2023.
             Mangled by a wight
             ... wielding a +1 mace
              (10 damage)
             ... on level 3 of the Dungeon.
             The game lasted 00:04:25 (1027 turns).

sanka the Insei (Meteoran Monk)                     Turns: 1027, Time: 00:04:26

HP:   -8/32 (38)    AC:  2    Str: 12    XL:     4   Next: 22%
MP:   0/5           EV: 14    Int: 11    God:
Gold: 84            SH:  0    Dex: 19    Spells: 3/3 levels left

rFire   . .          .
                       - Unarmed
rCold   . . .        c - orb {light}
rNeg    . . .        a - +0 robe
rPois   .            (no helmet)
rElec   .            (no cloak)
rCorr   .            (no gloves)
SInv    .            (no boots)
Will    .....        k - amulet of guardian spirit
Stlth   +            (no ring)
HPRegen 0.25/turn    (no ring)
MPRegen 0.09/turn

%: guardian spirit
@: mighty, glowing, heavily drained
A: sense surroundings 1, otherworldly, glowing, explore regen
a: no special abilities


You were on level 3 of the Dungeon.
You visited 1 branch of the dungeon, and saw 3 of its levels.

You collected 84 gold pieces.

Inventory:

Armour
 a - a +0 robe (worn)
 c - an orb of light (worn)
Magical Staves
 p - a staff of air
Jewellery
 k - an amulet of guardian spirit (around neck)
Scrolls
 h - 4 scrolls of identify {unknown}
 j - 2 scrolls of immolation {unknown}
 l - a scroll of fear {unknown}
 n - a scroll of noise {unknown}
 o - a scroll of amnesia {unknown}
Potions
 b - 3 potions of ambrosia
 d - a potion of berserk rage {unknown}
 e - a potion of lignification {unknown}
 f - a potion of might
 g - a potion of brilliance {unknown}
 i - a potion of cancellation {unknown}
 m - a potion of curing {unknown}
 q - a potion of flight {unknown}


   Skills:
 - Level 3.2 Fighting
 - Level 3.6 Dodging
 + Level 5.6 Unarmed Combat


You had 3 spell levels left.
You didn't know any spells.
Your spell library was empty.

Dungeon Overview and Level Annotations

Branches:
Dungeon (3/15) Zot: 776

Altars:

Shops:
D:1 [


Innate Abilities, Weirdness & Mutations

You passively map a small area around you.
You are easily found by Zot.
You glow in the dark.
You regain HP and MP as you explore.


Message History

You blink.
The wight blinks!
The wight attacks as you move away! The wight barely misses you.
The wight hits you with a +1 dire flail.
The wight enters a dispersal trap!
The wight blinks! x5; You blink.
The wight blinks!
The wight completely misses you.
You open the door.
The wight hits you with a +3 flail of freezing!
The wight freezes you.
The wight hits you from afar with a +0 halberd.
You feel drained.
There is an open door here.
It was a potion of might.
You feel very mighty all of a sudden. The wight barely misses you.
The wight hits you with a +4 hand axe of freezing.
The wight freezes you.
You completely miss the wight.
The wight hits you with a +4 hand axe of freezing!
You feel drained. The wight freezes you.
You hit the wight.
The wight is lightly damaged.
The wight completely misses you.
You hit the wight.
The wight is lightly damaged.
The wight closely misses you.
You punch the wight!
The wight is heavily damaged.
The wight barely misses you. The wight closely misses you.
You hit the wight.
The wight is severely damaged.
The wight hits you with a +1 mace!
* * * LOW HITPOINT WARNING * * *
You feel drained. The wight completely misses you.
The wight attacks as you move away! The wight hits you with a +1 mace!
* * * LOW HITPOINT WARNING * * *
You hit the wight but do no damage.
The wight is severely damaged.
The wight hits you with a +1 mace!
You die...

#..>...............^.......#
#..........................+
,
#...##.##..#####...........#
#...##.###....##...........#
#...##.##......#...........#
*
#...##.##......#.z.........#
#...##.##......##'##########*
#...##.##......##.#
#...##.##......@z.#
#...##.##......zz.#*
#...##.#####.........
##.<....# #......##.#
#.###### #......# # *, #.,, ,
.....##.#*,,** #.,,,, ......
... * , #. , ,....##, #.. #.
* , * ,


You could see 3 wights.

Vanquished Creatures
  A gnoll (D:2)
  A worm (D:3)
  4 dart slugs
  2 bats
  3 endoplasms (D:1)
  3 giant cockroaches
  3 goblins
  2 hobgoblins (D:1)
  5 ball pythons
  2 frilled lizards
  3 rats (D:1)
29 creatures vanquished.

Notes
Turn   | Place    | Note
-------+----------+-------------------------------------------
     0 | D:1      | sanka the Meteoran Monk began the quest for the Orb.
     0 | D:1      | Reached XP level 1. HP: 19/19 MP: 2/2
    43 | D:1      | Reached skill level 4 in Unarmed Combat
    43 | D:1      | Reached XP level 2. HP: 21/26 MP: 3/3
    77 | D:1      | Found Vodideh's Antique Armour Boutique.
   236 | D:1      | Reached XP level 3. HP: 22/31 MP: 4/4
   384 | D:1      | Reached skill level 5 in Unarmed Combat
   633 | D:2      | HP: 1/31 [gnoll/+0 spear (4)]
   919 | D:2      | Reached XP level 4. HP: 11/38 MP: 1/5
  1002 | D:3      | Noticed a wight
  1003 | D:3      | Noticed a wight
  1005 | D:3      | Noticed a wight
  1005 | D:3      | Noticed a wight
  1005 | D:3      | Noticed a wight
  1027 | D:3      | Mangled by a wight

Illustrated notes

Levels and vault maps discovered:
D:1:      dpeg_arrival_subterranean_lakeside_camping, layout_rooms,
          serial_shops, shop
D:2:      layout_basic
D:3:      layout_basic, minmay_misc_feat_tower, feat_on_display

Skill      XL: |  1  2  3 |
---------------+----------+-----
Unarmed Combat | 4 5 |  5.6
Fighting       | |  3.2
Dodging        | |  3.6

Action                     |  1- 3 |  4- 6 || total
---------------------------+-------+-------++-------
  Melee: Unarmed           |    80 |    19 ||    99
    Use: Potion            |       |     1 ||     1
 Armour: Robe              |    23 |       ||    23
  Dodge: Dodged            |    54 |    10 ||    64
